 Dungeon Crawl Stone Soup version 0.29-a0-2-g12fcac58f8 (webtiles) character file.

Game seed: 2739943760007772497

981 croobank the Sneak (level 7, -7/43 (45) HPs)
             Began as a White Draconian Fire Elementalist on Jan 27, 2022.
             Was a Follower of Hepliaklqana.
             Mangled by a hell rat (15 damage)
             ... in a sewer.
             The game lasted 00:18:27 (5122 turns).

croobank the Sneak (DrFE)                           Turns: 5122, Time: 00:18:28

HP:   -7/43 (45)    AC:  8    Str: 10    XL:     7   Next: 96%
MP:   13/13         EV: 13    Int: 17    God:    Hepliaklqana [*.....]
Gold: 257           SH:  0    Dex: 12    Spells: 7/14 levels left

rFire   . . .      SeeInvis +   F - +3 halberd (venom)
rCold   + . .      Faith    .   (shield currently unavailable)
rNeg    . . .      Spirit   .   (armour unavailable)
rPois   .          Reflect  .   (helmet restricted)
rElec   .          Harm     .   i - +0 cloak
rCorr   .          Rampage  .   l - +0 pair of gloves
Will    .....                   (no boots)
Stlth   ++........              s - amulet of magic regeneration
HPRegen 0.14/turn               f - ring of see invisible
MPRegen 0.53/turn               (no ring)

@: lightly drained, very slow
A: reduced essence, breathe frost, AC +6, unfitting armour, cold resistance 1,
cold-blooded
a: Breathe Frost, Renounce Religion, Recall Ancestor, Ancestor Identity


You were in a sewer.
You worshipped Hepliaklqana.
Hepliaklqana was aware of your devotion.
You visited 2 branches of the dungeon, and saw 7 of its levels.
You also visited: Sewer.

You collected 257 gold pieces.

Inventory:

Hand Weapons
 a - a +0 war axe
 e - a +0 spear
 D - a +0 shortbow
 F - a +3 halberd of venom (weapon)
Missiles
 b - 212 stones
 c - 6 atropa-tipped darts
 j - 4 boomerangs
 m - 26 sling bullets
 r - 40 bolts
 y - 36 arrows
Armour
 i - a +0 cloak (worn)
 l - a +0 pair of gloves (worn)
Magical Staves
 p - a staff of death
 C - a staff of poison
Jewellery
 f - a ring of see invisible (left hand)
 q - an amulet of guardian spirit
 s - an amulet of magic regeneration (around neck)
 x - an amulet of faith
Wands
 u - a wand of polymorph (3)
Scrolls
 k - 5 scrolls of immolation
 n - 2 scrolls of torment
 v - 6 scrolls of teleportation
 A - 4 scrolls of fog
Potions
 d - a potion of haste {unknown}
 g - 2 potions of flight
 h - a potion of degeneration {unknown}
 o - 2 potions of curing {unknown}
 w - a potion of resistance {unknown}
 z - a potion of invisibility {unknown}
 E - a potion of heal wounds


   Skills:
 + Level 4.1 Dodging
 + Level 4.4 Stealth
 + Level 4.1 Spellcasting
 + Level 4.0 Conjurations
 + Level 4.1 Fire Magic


You had 7 spell levels left.
You knew the following spells:

 Your Spells              Type           Power      Damage    Failure   Level
a - Foxfire               Conj/Fire      68%        2x1d7     3%          1
b - Scorch                Fire           34%        2d6       4%          2
c - Flame Wave            Conj/Fire      17%        2d6       28%         4

Your spell library contained the following spells:

 Spells                   Type           Power      Damage    Failure   Level
 Conjure Flame            Conj/Fire      17%        6-21      9%          3
 Summon Small Mammal      Summ           12%        N/A       16%         1
 Inner Flame              Hex/Fire       10%        N/A       21%         3
 Call Canine Familiar     Summ           3%         N/A       43%         3
 Summon Guardian Golem    Hex/Summ       3%         N/A       43%         3


Dungeon Overview and Level Annotations

Branches:
Dungeon (6/15)             Temple (1/1) D:4           Sewer (1/1)

Altars:
Ashenzari
Cheibriados
Dithmenos
Fedhas
Gozag
Hepliaklqana
Kikubaaqudgha
Makhleb
Nemelex Xobeh
Okawaru
Ru
Sif Muna
Trog
Uskayaw
Wu Jian

Shops:
D:1 [*


Innate Abilities, Weirdness & Mutations

Your life essence is reduced to manifest your ancestor. (-10% HP)
You can breathe waves of freezing cold which knock back foes.
Your icy white scales are hard. (AC +6)
You cannot fit into any form of body armour.
Your flesh is cold resistant. (rC+)
You are cold-blooded and may be slowed by cold attacks.


Message History

A rat comes into view.
You see here a river rat corpse.
Casting: Foxfire (safe; 3% risk of failure)
Confirm with . or Enter, or press ? or * to list all spells.
You conjure some foxfire!
The foxfire hits the rat.
You kill the rat!
Your foxfire dissipates!
You enter the shallow water.
Moving in this stuff is going to be slow.
You enter the shallow water.
Moving in this stuff is going to be slow.
You enter the shallow water.
Moving in this stuff is going to be slow.
You open the door.
A hell rat comes into view.
Found four items.
Found a gate leading back out of this place.
Found a potion of heal wounds and 2 scrolls of identify.
There is an open door here.
You enter the shallow water.
Moving in this stuff is going to be slow.
The hell rat roars deafeningly!
The hell rat twitches its whiskers.
The hell rat misses you. The hell rat barely misses you.
You hit the hell rat.
The hell rat is poisoned.
Your tail-slap misses the hell rat.
The hell rat is lightly wounded.
The hell rat bites you!
Your unstable footing causes you to fumble your attack.
The hell rat bites you but does no damage.
Arthur Artemas closely misses the hell rat.
The hell rat bites you!
You feel drained.
* * * LOW HITPOINT WARNING * * *
Arthur Artemas barely misses the hell rat.
Your unstable footing causes you to fumble your attack.
The hell rat misses you.
Arthur Artemas hits the hell rat but does no damage.
The hell rat bites you!
You die...

#########
###.≈.≈..≈###
###≈.≈≈...≈.≈≈###
#≈≈≈†≈##'##≈≈≈≈≈#
##.≈≈###≈≈.###≈..#
#≈..##.≈R@≈≈≈##≈.≈#
#...#.≈≈≈r≈.≈≈#.†≈#
#.≈≈##≈(?)!?.##.≈≈#
##.≈.###?∩?###.≈≈##
#≈.≈.≈#####.†.≈≈#
###.≈≈.≈∩..≈..###
###≈..∩...#
#########


You could see the friendly Arthur Artemas the ancestor and a hell rat (poisoned,
ally target).

Vanquished Creatures
  A sky beast (D:5)
  A black bear (D:5)
  2 ogres
  A centaur (D:5)
  A phantom (D:4)
  2 scorpions (D:5)
  2 iguanas (D:5)
  3 orc wizards (D:5)
  A hound skeleton (D:5)
  Robin (D:4)
  3 gnolls (D:5)
  3 adders
  A river rat (Sewer)
  An adder skeleton (D:4)
  2 worms
  A dart slug (D:4)
  An orc (D:4)
  5 ball pythons
  10 endoplasms
  2 giant cockroaches
  6 hobgoblins
  8 kobolds
  9 quokkas
  7 bats
  3 frilled lizards
  19 goblins
  14 rats
110 creatures vanquished.

Vanquished Creatures (collateral kills)
  A river rat (Sewer)
  2 adders
  A dart slug (D:4)
  2 orcs (D:5)
  A hobgoblin (D:4)
  A quokka (D:6)
8 creatures vanquished.

Vanquished Creatures (others)
  3 ancestors (D:5)
  206 foxfires
  8 fungi (D:6)
217 creatures vanquished.

Grand Total: 335 creatures vanquished

Notes
Turn   | Place    | Note
-------+----------+-------------------------------------------
     0 | D:1      | croobank the Draconian Fire Elementalist began the quest
                  | for the Orb.
     0 | D:1      | Reached XP level 1. HP: 14/14 MP: 3/3
   235 | D:1      | Found Ymucw's Armour Boutique.
   352 | D:1      | Reached XP level 2. HP: 13/20 MP: 1/5
   552 | D:1      | Learned a level 2 spell: Scorch
   736 | D:1      | Found Ysaemet's Assorted Antiques.
  1221 | D:1      | Reached XP level 3. HP: 26/26 MP: 3/6
  2015 | D:3      | Found a faded altar of an unknown god.
  2263 | D:3      | Reached XP level 4. HP: 31/33 MP: 3/7
  2454 | D:4      | Found a staircase to the Ecumenical Temple.
  2488 | Temple   | Entered the Ecumenical Temple
  2519 | Temple   | Became a worshipper of Hepliaklqana the Forgotten
  2697 | D:4      | Noticed Robin
  2705 | D:4      | Killed Robin
  2901 | D:4      | Found a bloodstained altar of Trog.
  3130 | D:4      | Learned a level 4 spell: Flame Wave
  3174 | D:4      | Reached * piety under Hepliaklqana
  3183 | D:4      | Noticed a phantom
  3201 | D:4      | Killed a phantom
  3202 | D:4      | Reached XP level 5. HP: 28/34 MP: 5/9
  3486 | D:5      | Entered Level 5 of the Dungeon
  3490 | D:5      | Noticed a black bear
  3490 | D:5      | Noticed a sky beast
  3511 | D:5      | Killed a black bear
  3512 | D:5      | Reached XP level 6. HP: 26/40 MP: 4/10
  3513 | D:5      | Killed a sky beast
  4011 | D:5      | Your scales start taking on an icy white colour.
  4011 | D:5      | Reached XP level 7. HP: 45/45 MP: 9/12
  4011 | D:5      | Gained mutation: Your flesh is cold resistant. (rC+) [White
                  | Draconian growth]
  4160 | D:5      | Found a broken altar of Ashenzari.
  4666 | D:5      | Found a snail-covered altar of Cheibriados.
  5059 | D:6      | Found a glowing drain.
  5063 | Sewer    | Entered a sewer
  5122 | Sewer    | Mangled by a hell rat

Illustrated notes

Levels and vault maps discovered:
D:1:      moated_graveyard_arrival, layout_loops_ring, serial_shops, shop,
          nicolae_shop_advertising_works [nicolae_subvault_shop_adworks],
          serial_rivers, chequers_serial_rivers_small_a,
          chequers_serial_rivers_marsh, chequers_serial_rivers_micro_e,
          chequers_serial_rivers_small_b, chequers_mini_garden
D:2:      layout_rooms
D:3:      layout_rooms, ebering_ecumenical_altar_petrified, serial_bayou_pond_c
D:4:      layout_basic, general_overflow_altar, minmay_temple_entry_wispy,
          uniq_robin
D:5:      layout_basic, mainiacjoe_overflow_catch_the_wave
D:6:      layout_loops_cross, mainiacjoe_overflow_paths, serial_aquarium,
          aquarium_bridge_long_joined [aquarium_subvault_bridge,
          aquarium_subvault_wall, aquarium_subvault_wall,
          aquarium_subvault_bridge, aquarium_subvault_wall,
          aquarium_subvault_bridge], aquarium_window_2, aquarium_window_fake,
          aquarium_window_2, aquarium_view_2e, aquarium_view_2a,
          aquarium_balcony_3b, gup_sewer_entry_spiral, minivault_25,
          grunt_decor_fettered, lemuel_old_faithful
Temple:   minmay_temple_bridge_abc
Sewer:    sewer_hellmonk_bad_rat

Skill      XL: |  1  2  3  4  5  6  7 |
---------------+----------------------+-----
Stealth        | 2 3 4 |  4.4
Dodging        | 2 3 4 |  4.1
Conjurations   | 2 3 4 |  4.0
Spellcasting   | 3 4 |  4.1
Fire Magic     | 4 3 4 |  4.1

Action                   |  1- 3 |  4- 6 |  7- 9 || total
-------------------------+-------+-------+-------++-------
Melee: Unarmed           |    20 |       |       ||    20
       Tailslap          |     7 |     2 |       ||     9
       Punch             |     1 |       |       ||     1
       Spear             |     3 |       |       ||     3
       War axe           |    10 |    12 |       ||    22
       Halberd           |       |       |     6 ||     6
 Cast: Foxfire           |    57 |    46 |    25 ||   128
       Scorch            |     9 |    30 |    22 ||    61
Invok: Ancestor Identity |       |       |     1 ||     1
 Abil: Breathe Frost     |       |       |     3 ||     3
  Use: Scroll            |       |       |     8 ||     8
Armor: Skin              |    22 |    17 |     1 ||    40
Dodge: Dodged            |    29 |    13 |    15 ||    57

Table legend: (Time is in decaauts)
 A = Elapsed time spent in this place.
 B = Non-inter-level travel time spent in this place.
 C = Inter-level travel time spent in this place.
 D = Time resting spent in this place.
 E = Time spent auto-exploring this place.
 F = Levels seen in this place.
 G = Mean time per level.
                   A        B        C        D        E       F      G
               +--------+--------+--------+--------+--------+-----+--------+
         Total |   5186 |   4982 |    204 |    159 |   3672 |   8 |  648.2 |
       Dungeon |   5064 |   4880 |    184 |    159 |   3646 |   6 |  844.0 |
        Temple |     51 |     31 |     20 |      0 |     19 |   1 |   51.0 |
         Sewer |     70 |     70 |      0 |      0 |      6 |   1 |   70.0 |
               +--------+--------+--------+--------+--------+-----+--------+

Top non-repeatable levels by time:
     D:1: 1400 daAuts
     D:5: 1378 daAuts
     D:4: 1025 daAuts
     D:2: 556 daAuts
     D:3: 510 daAuts
     D:6: 191 daAuts
   Sewer: 70 daAuts
  Temple: 51 daAuts
